 Dungeon Crawl Stone Soup version 0.17.2-1-ge4368a0 (webtiles) character file.

207 Goblin1989 the Cudgeler (level 5, 0/38 HPs)
             Began as a Demonspawn Gladiator on July 24, 2016.
             Was a Follower of Ashenzari.
             Slain by an iguana (9 damage)
             ... on level 4 of the Dungeon on July 25, 2016.
             The game lasted 00:08:15 (3487 turns).

Goblin1989 the Cudgeler (Demonspawn Gladiator)      Turns: 3487, Time: 00:08:15

Health: 0/38       AC:  5    Str: 16    XL:     5   Next: 54%
Magic:  5/5        EV: 11    Int: 10    God:    Ashenzari [*.....]
Gold:   170        SH:  0    Dex: 13    Spells: 0 memorised, 4 levels left

rFire  . . .     SeeInvis +     a - +0 flail
rCold  . . .     Clarity  .     u - +0 ring mail (curse)
rNeg   . . .     SustAt   .     (no shield)
rPois  .         Gourm    .     (helmet restricted)
rElec  .         Spirit   .     (no cloak)
rCorr  .         Warding  .     (no gloves)
rMut   .         Stasis   .     (no boots)
MR     .....                    (no amulet)
Stlth  ++........               k - ring of see invisible (curse)
                                (no ring)

@: not resistant to hostile enchantments, unstealthy
A: antennae 1, nightstalker 1
a: Scrying, Renounce Religion


You were on level 4 of the Dungeon.
You worshipped Ashenzari.
Ashenzari was aware of your devotion.
You were not hungry.

You visited 1 branch of the dungeon, and saw 4 of its levels.

You collected 170 gold pieces.

Inventory:

Hand Weapons
 a - a +0 flail (weapon)
Missiles
 d - 2 throwing nets (quivered)
Armour
 u - a cursed +0 ring mail (worn)
Jewellery
 b - an uncursed ring of magical power
 k - a cursed ring of see invisible (right hand)
Wands
 t - a wand of digging (11)
Scrolls
 c - a scroll of curse jewellery
 f - 3 scrolls of amnesia {unknown}
 i - a scroll of teleportation {unknown}
 n - a scroll of immolation {unknown}
 p - 3 scrolls of curse armour
Potions
 g - 3 potions of curing
 j - a potion of agility {unknown}
 l - a potion of flight {unknown}
 o - a potion of brilliance {unknown}
 q - a potion of invisibility {unknown}
 r - a potion of degeneration {unknown}
 v - a potion of ambrosia {unknown}
Comestibles
 e - 2 bread rations
 h - 2 beef jerkies
 m - a slice of pizza


   Skills:
 - Level 2.0 Fighting
 + Level 5.7 Maces & Flails
 - Level 1.7 Throwing
 - Level 2.6 Dodging


You had 4 spell levels left.
You didn't know any spells.

Dungeon Overview and Level Annotations

Branches:
Dungeon (4/15)
 Temple: D:4-7

Altars:
Ashenzari
Gozag

Annotations:
D:1 1 runed door


Innate Abilities, Weirdness & Mutations

You have a pair of small antennae on your head.
You are slightly more attuned to the shadows.


Message History

You miss the phantom.
The phantom is lightly damaged.
The iguana bites you!
The phantom blinks!
You take 21 damage, and have 17/38 hp.
MASSIVE DAMAGE!!
You are too injured to fight recklessly!
You are too injured to fight recklessly!
You are too injured to fight recklessly!
You are too injured to fight recklessly!
You are too injured to fight recklessly!
You are too injured to fight recklessly!
You are too injured to fight recklessly!
You are too injured to fight recklessly!
You are too injured to fight recklessly!
You are too injured to fight recklessly!
You hit the iguana.
The iguana is lightly wounded.
The iguana bites you!
* * * LOW HITPOINT WARNING * * *
The iguana bites you!
You die...

#.........# #.#
#.........# #.##
..........# #...
o.........####### ###.
..........#.....# #.
..........#.....# #.
#.........#.....# #.
..........#..l..# #.
#........#..@..# #.
####........#.W...# ..
#.
..........###.....##..
#. ..........#
#......... #.
..........# #.........
#. ..........#
#......... #.
###....##.# ###.......
#.
#.....#.#####.......
#.
#...................
#.


You could see a phantom and an iguana.

Vanquished Creatures
  An orc priest (D:4)
  An orc wizard (D:4)
  2 worker ants (D:4)
  2 adders (D:2)
  3 oozes
  An adder skeleton (D:4)
  2 worms (D:2)
  5 giant geckos
  6 orcs (D:4)
  2 giant cockroaches (D:2)
  8 hobgoblins
  3 bats
  A giant newt (D:1)
  6 goblins
  6 jackals
  3 kobolds
  A quokka zombie (D:4)
  9 rats
62 creatures vanquished.

Notes
Turn   | Place    | Note
--------------------------------------------------------------
     0 | D:1      | Goblin1989 the Demonspawn Gladiator began the quest for the Orb.
     0 | D:1      | Reached XP level 1. HP: 16/16 MP: 1/1
     1 | D:1      | Found a runed door.
   250 | D:1      | Reached skill level 3 in Maces & Flails
   452 | D:1      | Gained mutation: You have a pair of small antennae on your head. [demonic ancestry]
   452 | D:1      | Reached XP level 2. HP: 22/22 MP: 2/2
  1111 | D:2      | Reached XP level 3. HP: 23/27 MP: 3/3
  1404 | D:2      | Found a faded altar to an unknown god.
  1533 | D:2      | Became a worshipper of Ashenzari the Shackled
  1533 | D:2      | Reached * piety under Ashenzari
  1584 | D:2      | Reached skill level 4 in Maces & Flails
  1997 | D:2      | Reached XP level 4. HP: 33/33 MP: 4/4
  2047 | D:2      | Found an opulent altar of Gozag.
  2851 | D:4      | Reached skill level 5 in Maces & Flails
  3044 | D:4      | Gained mutation: You are slightly more attuned to the shadows. [demonic ancestry]
  3044 | D:4      | Reached XP level 5. HP: 16/38 MP: 5/5
  3481 | D:4      | Noticed a phantom
  3487 | D:4      | Slain by an iguana

Action                   |  1- 3 |  4- 6 || total
-------------------------+-------+-------++-------
Melee: Flail             |   121 |    99 ||   220
Throw: Throwing net      |       |     2 ||     2
  Use: Scroll            |     1 |     1 ||     2
       Potion            |       |     1 ||     1
 Stab: Sleeping          |     1 |     1 ||     2
  Eat: Chunk             |     3 |     5 ||     8
